 Dungeon Crawl Stone Soup version 0.14-a0-2340-g8df0fbc (webtiles) character file.

253 M4edhros the Vandal (level 5, -3/33 HPs)
             Began as an Octopode Hunter on Jan 30, 2014.
             Slain by an ogre
             ... wielding a +0,+0 giant spiked club
              (25 damage)
             ... on Level 4 of the Dungeon.
             The game lasted 00:02:41 (1593 turns).

M4edhros the Vandal (Octopode Hunter)               Turns: 1593, Time: 00:02:42

HP  -3/33        AC  3     Str 11      XL: 5   Next:  5%
MP   5/5         EV  7     Int 13      God:
Gold 132         SH 24     Dex 14      Spells:  0 memorised,  4 levels left

rFire  . . .     SeeInvis .     g - +2 whip (freeze)
rCold  . . .     Clarity  .     i - +2 dwarf large shield
rNeg   . . .     Conserve .     o - +2 hat
rPois  .         rCorr    .     (no amulet)
rElec  .         rRot     .     (no ring)
SustAb . .       Spirit   .     (no ring)
rMut   .         Warding  .     (no ring)
Saprov . . .     Stasis   .     (no ring)
MR     .....                    (no ring)
                                (no ring)
                                (no ring)
                                (no ring)

@: not resistant to hostile enchantments, stealthy
A: almost no armour, amphibious, 8 rings, constrict 8, camouflage 1, gelatinous
body 1
a: no special abilities


You were on level 4 of the Dungeon.
You were very hungry.

You visited 1 branch of the dungeon, and saw 4 of its levels.

You collected 132 gold pieces.

Inventory:

Hand weapons
 a - a +0,+0 short sword
 b - a +1,+1 sling
 g - a +2,+2 whip of freezing (weapon)
Missiles
 c - 42 sling bullets
Armour
 i - a +2 dwarven large shield (worn)
 o - a +2 hat (worn)
Comestibles
 d - 3 pears
 f - 2 bread rations
 m - an orange
 q - a choko
Scrolls
 e - a scroll of identify {unknown}
 h - a scroll of remove curse {unknown}
 j - a scroll of blinking {unknown}
 k - a scroll of fear {unknown}
 l - a scroll of curse weapon {unknown}
 n - a scroll of enchant weapon I {unknown}
 p - a scroll of enchant weapon II {unknown}
Potions
 r - a potion of agility


   Skills:
 - Level 1.0 Fighting
 + Level 6.2 Slings
 - Level 2.0 Dodging
 - Level 1.3 Stealth


You had 4 spell levels left.
You didn't know any spells.

Dungeon Overview and Level Annotations

Branches:
Dungeon (4/16)
 Temple: D:4-7

Altars:


Innate Abilities, Weirdness & Mutations

You cannot wear most types of armour.
You are amphibious.
You can wear up to eight rings at the same time.
You can use your tentacles to constrict many enemies at once.
Your skin changes colour to match your surroundings (Stlth).
Your rubbery body absorbs attacks (AC +1).


Message History

You start resting.
You start resting.
You are feeling hungry.
You start resting.
You start resting.
HP restored.
You start waiting.
You are feeling very hungry.
There is a stone staircase leading up here.
q - a choko An ogre comes into view. It is wielding a giant spiked club.
The helpless ogre fails to defend itself.
You hit the ogre. You freeze the ogre. You squeeze the ogre!
The ogre is severely wounded.
The ogre hits you with a giant spiked club!
You hit the ogre. You freeze the ogre.
The ogre is severely wounded.
The ogre hits you with a giant spiked club!
Ouch! That really hurt!
You die...

#..............#
#..#############
#..# #..# #..#
#..# #..#
#.########..##
#.......@....#
#.#####O......#
#........#
........#.#
###.....##.#
##...## .. ##...
. ####


You could see an ogre.

Vanquished Creatures
  2 hounds (D:4)
  A worker ant (D:4)
  An adder (D:2)
  9 bats
  A giant cockroach (D:1)
  4 hobgoblins
  8 kobolds
  A giant gecko (D:3)
  3 giant newts (D:1)
  2 goblins (D:2)
  2 rats (D:1)
  A plant (D:1)
35 creatures vanquished.

Notes
Turn   | Place    | Note
--------------------------------------------------------------
     0 | D:1      | M4edhros, the Octopode Hunter, began the quest for the Orb.
     0 | D:1      | Reached XP level 1. HP: 13/13 MP: 1/1
   241 | D:1      | Reached XP level 2. HP: 16/18 MP: 2/2
   780 | D:2      | Reached XP level 3. HP: 23/23 MP: 3/3
   808 | D:2      | Reached skill level 5 in Slings
  1081 | D:4      | Reached XP level 4. HP: 28/28 MP: 4/4
  1210 | D:4      | Reached skill level 6 in Slings
  1210 | D:4      | Reached XP level 5. HP: 23/33 MP: 5/5
  1253 | D:4      | HP: 1/33 [poisoned by a worker ant]
  1588 | D:4      | Noticed an ogre
  1593 | D:4      | Slain by an ogre

Action                   |  1- 3 |  4- 6 || total
-------------------------+-------+-------++-------
Melee: Short sword       |    27 |       ||    27
       Whip              |    34 |    11 ||    45
 Fire: Sling             |    13 |       ||    13
  Use: Potion            |     3 |     1 ||     4
 Stab: Sleeping          |     5 |     1 ||     6
